AoeStats
← MCGooser

MegaRandom

510171792Analyzed
4v4 RM · 2d ago on Sep 29, 2026· 46m 40s· 8 players
Game mode
Random Map
Map size
Large (8 player)
Population
200
Speed
Normal
Resources
Standard
Victory
Conquest
Starting age
Dark Age
Ending age
Imperial Age
RankedLock teamsTeams togetherTeam positionsShared explorationLock speedFull tech treeHidden civsTurbo modeCheats
Victory
Defeat
🇬🇧 Vikings · United Kingdom
919
+14
🇷🇺 Mongols · Russia
899
+15
🇩🇰 Mongols · Denmark
892
+15
🇬🇧 Goths · United Kingdom
824
+17
🇮🇳 Sicilians · India
917
-17
🇬🇧 Japanese · United Kingdom
909
-17
🇫🇷 Wei · France
837
-14
🇦🇷 Magyars · Argentina
816
-13
Fp OZIL 11
5:03 Loom
13:51 Feudal Age
14:32 Double-Bit Axe
14:31 Horse Collar
20:17 Castle Age
25:30 Bow Saw
38:34 Heavy Plow
40:36 Caravan
41:11 Fletching
42:10 Ballistics
44:36 Forging
44:28 Scale Mail Armor
ii BLACK xEAGLE
12:59 Loom
19:44 Feudal Age
21:41 Horse Collar
25:01 Castle Age
34:28 Wheelbarrow
33:29 Pikeman
35:32 Stone Mining
37:00 Double-Bit Axe
40:08 Bow Saw
41:33 Anarchy
41:56 Squires
42:12 Caravan
45:46 Heavy Plow
Cr4mer
12:31 Feudal Age
17:11 Castle Age
15:29 Double-Bit Axe
19:53 Bow Saw
21:34 Wheelbarrow
23:34 Pikeman
27:21 Hand Cart
32:46 Forging
37:50 Squires
37:14 Light Cavalry
38:04 Bloodlines
37:56 Husbandry
42:15 Imperial Age
40:16 Horse Collar
40:47 Fletching
40:57 Padded Archer Armor
40:59 Loom
43:21 Iron Casting
42:51 Scale Barding Armor
45:48 Caravan
MCGooser
5:21 Loom
13:49 Feudal Age
16:31 Horse Collar
16:40 Double-Bit Axe
21:07 Castle Age
19:23 Stone Mining
19:47 Gold Mining
21:14 Pikeman
27:36 Heavy Plow
28:52 Light Cavalry
30:45 Bloodlines
32:29 Forging
43:18 Iron Casting
MS2GUD1068
4:31 Loom
15:27 Feudal Age
20:34 Castle Age
22:55 Caravan
31:20 Double-Bit Axe
31:17 Horse Collar
31:37 Stone Mining
31:29 Pikeman
31:55 Gambesons
32:11 Squires
34:51 Wheelbarrow
34:02 Town Watch
34:35 Arson
36:43 Hand Cart
36:31 Town Patrol
44:02 Imperial Age
DTK
13:05 Feudal Age
22:36 Castle Age
22:25 Horse Collar
22:32 Double-Bit Axe
22:39 Gold Mining
23:32 Forging
25:01 Scale Barding Armor
27:07 Iron Casting
28:13 Husbandry
33:55 Caravan
Usurpador
4:46 Loom
14:27 Feudal Age
14:51 Horse Collar
14:58 Double-Bit Axe
17:54 Wheelbarrow
19:19 Wheelbarrow
27:47 Bloodlines
32:09 Castle Age
31:46 Scale Barding Armor
34:21 Hand Cart
34:32 Heavy Plow
34:46 Bow Saw
40:01 Chain Barding Armor
39:42 Scale Mail Armor
39:45 Pikeman
40:11 Arson
42:35 Ballistics
burned doc
11:10 Feudal Age
38:56 Castle Age
42:14 Double-Bit Axe
Connection lost

Rejoining the realm…

Still unreachable

The connection could not be restored.

Session expired

The server has moved on; the page needs a fresh start.